Unix NetHack Version 5.0.0-0 post-release - last build Jul 14 2026 02:55:29 (1809b74e8187c3a3585e283601c3028b46cbbdcb,branch:main).

Game began 2026-07-15 23:06:19, ended 2026-07-15 23:14:46.

Jinnora, neutral female human Wizard

                          ...
                         --.-
                         ..).|
                         -...--..
                         --<.)[@G
                          ....f..
                             ...

Jinnora the Conjurer      St:11 Dx:15 Co:13 In:17 Wi:10 Ch:10  Neutral
Dlvl:4  $:47 HP:0(28) Pw:8(32) AC:9  Xp:4/115 T:1678 

Latest messages:
 You are hit by a dagger.
 You are caught in a bear trap.
 You are hit by a dagger.
 You hear some noises.
 In what direction? 1
 The spell hits it!
 You kill it!
 In what direction? 2
 In what direction? 6
 The spell hits the gnome!
 You kill the gnome!
 The spell hits it!
 You kill it!
 You are caught in a bear trap.
 You are caught in a bear trap.
 You are caught in a bear trap.
 You are caught in a bear trap.
 You are caught in a bear trap.
 You are caught in a bear trap.
 You are caught in a bear trap.
 The gnome picks up a crossbow.
 In what direction? 6
 The spell hits the gnome!
 You kill the gnome!
 A swirly potion shatters!
 You smell a peculiar odor...
 Call a swirly potion: 
 You are caught in a bear trap.
 You are caught in a bear trap.
 You are caught in a bear trap.
 You are caught in a bear trap.
 You are caught in a bear trap.
 You are caught in a bear trap.
 Your leg feels better.
 You are caught in a bear trap.
 You are caught in a bear trap.
 You are caught in a bear trap.
 Your kitten eats a gnome corpse.
 You are caught in a bear trap.
 You are caught in a bear trap.
 You are caught in a bear trap.
 You finally wriggle free.
 You swap places with your kitten.
 L - an orange gem.
 The gnome lord hits!
 In what direction? 6
 The spell hits the gnome lord!
 The gnome lord hits!
 You die...
 Do you want your possessions identified? [ynq] (y) q

Inventory:
 Coins    ('$')
  $ - 47 gold pieces
 Weapons  (')')
  v - 2 uncursed +0 elven daggers
  a - a blessed +1 quarterstaff (weapon in hands)
 Armor    ('[')
  r - a cursed -1 helm of opposite alignment
  b - an uncursed +0 cloak of magic resistance (being worn)
 Comestibles  ('%')
  u - 2 uncursed food rations
  H - an uncursed lembas wafer
 Scrolls  ('?')
  y - an uncursed scroll of create monster
  i - a blessed scroll of earth
  j - an uncursed scroll of food detection
  K - an uncursed scroll of gold detection
  x - an uncursed scroll of identify
  w - an uncursed scroll of magic mapping
  G - a blessed scroll of punishment
  k - an uncursed scroll of scare monster
 Spellbooks  ('+')
  l - a blessed spellbook of force bolt
  m - an uncursed spellbook of slow monster
 Potions  ('!')
  F - an uncursed potion of fruit juice
  f - an uncursed potion of healing
  h - an uncursed potion of restore ability
  g - an uncursed potion of sleeping
  o - a potion of holy water
 Rings    ('=')
  d - an uncursed ring of searching
  e - an uncursed ring of teleport control
 Wands    ('/')
  c - an uncursed wand of create monster (0:0)
  C - an uncursed wand of secret door detection (0:15)
 Tools    ('(')
  s - an uncursed wooden flute
  n - an uncursed magic marker (0:22)
  p - an uncursed magic whistle
 Gems/Stones  ('*')
  q - 2 uncursed amethyst stones
  L - an uncursed worthless piece of orange glass

Jinnora the Wizard's attributes:

Background:
 You were a Conjurer, a level 4 female human Wizard.
 You were neutral, on a mission for Thoth
 who was opposed by Ptah (lawful) and Anhur (chaotic).
 You were right-handed.
 You were in the Gnomish Mines, on level 4.
 You entered the dungeon 1678 turns ago.
 It was nighttime.
 There was a new moon in effect when your adventure ended.
 You had 115 experience points, 45 more were needed to attain level 5.

Basics:
 You had 0 out of 28 hit points.
 You had 8 out of 32 energy points (spell power).
 Your armor class was 9.
 Your wallet contained 47 zorkmids.
 Autopickup was off.

Final Characteristics:
 Your strength was 11 (limit:18/100).
 Your dexterity was 15 (limit:18).
 Your constitution was 13 (limit:18).
 Your intelligence was 17 (limit:18).
 Your wisdom was 10 (limit:18).
 Your charisma was 10 (limit:18).

Final Status:
 You weren't hungry.
 You were unencumbered.
 You were wielding a quarterstaff.
 You had basic skill with quarterstaff.

Final Attributes:
 You were devoutly aligned.
 You were magic-protected.
 You were warded.
 You are dead.

Miscellaneous:
 You didn't encounter any bones levels.
 Total elapsed playing time was 8 minutes and 26 seconds.

Major events:
 Turn
    1: Jinnora the neutral female human Wizard entered the dungeon
 1052: attained the rank of Conjurer (level 3)
 1636: entered the Gnomish Mines
 1678: killed by a gnome lord

Spells:
 Name                 Level Category     Fail Retention
 force bolt             1   attack         0%  91%-100%
 slow monster           2   enchantment    0%  91%-100%

Skills:
 Fighting Skills
   bare handed combat [Unskilled]
   riding             [Unskilled]
 Weapon Skills
   dagger             [Unskilled]
   knife              [Unskilled]
   axe                [Unskilled]
   short sword        [Unskilled]
   club               [Unskilled]
   mace               [Unskilled]
   quarterstaff       [Basic]
   polearms           [Unskilled]
   spear              [Unskilled]
   trident            [Unskilled]
   sling              [Unskilled]
   dart               [Unskilled]
   shuriken           [Unskilled]
 Spellcasting Skills
   attack spells      [Basic]
   healing spells     [Unskilled]
   divination spells  [Unskilled]
   enchantment spells [Basic]
   clerical spells    [Unskilled]
   escape spells      [Unskilled]
   matter spells      [Unskilled]

Voluntary challenges:
 Character rerolling was not enabled.
 You were illiterate.
 You never genocided any monsters.
 You never polymorphed an object.
 You never changed form.
 You used no wishes.
Achievements:
 You attained the rank of Conjurer.
 You entered the Gnomish Mines.

 The Dungeons of Doom: levels 1 to 4
    Level 1:
       An altar to Thoth, a fountain, a grave.
    Level 2:
    Level 3:
       A sink, a grave.
       Stairs down to The Gnomish Mines.
    Level 4:
 The Gnomish Mines:
    Level 4: <- You were here.
       Final resting place for
          you, killed by a gnome lord.


Vanquished creatures:
  a dwarf
  2 iguanas
 an acid blob
  a coyote
  a hobbit
  5 gnomes
  3 jackals
  3 foxes
  3 kobolds
  a goblin
  8 grid bugs
  4 lichens
  5 kobold zombies
 11 newts
49 creatures vanquished.

No species were genocided or became extinct.

Game over:
                       ----------
                      /          \
                     /    REST    \
                    /      IN      \
                   /     PEACE      \
                  /                  \
                  |     Jinnora      |
                  |      47 Au       |
                  |   killed by a    |
                  |    gnome lord    |
                  |                  |
                  |                  |
                  |       2026       |
                 *|     *  *  *      | *
        _________)/\\_//(\/(/\)/\//\/|_)_______

Goodbye Jinnora the Wizard...

You died in The Gnomish Mines on dungeon level 4 with 653 points,
and 47 pieces of gold, after 1678 moves.
You were level 4 with a maximum of 28 hit points when you died.

